 Dungeon Crawl Stone Soup version 0.30-a0-728-gc68057be0a (webtiles) character file.

Game seed: 3113144922722511317

299 Laraso the Shooter (level 6, 0/43 HPs)
             Began as a Human Hexslinger on Jan 30, 2023.
             Slain by a kobold
             ... wielding a +0 whip
              (2 damage)
             ... in a sewer.
             The game lasted 00:06:12 (2876 turns).

Laraso the Shooter (Human Hexslinger)               Turns: 2876, Time: 00:06:12

Health: 0/43       AC:  6    Str: 11    XL:     6   Next: 63%
Magic:  1/9        EV: 12    Int: 13    God:
Gold:   93         SH:  0    Dex: 15    Spells: 5/9 levels left

rFire   . . .      SeeInvis .    a - +1 sling
rCold   . . .      Faith    .    (no shield)
rNeg    . . .      Spirit   .    n - +0 leather armour
rPois   .          Reflect  .    r - +2 helmet
rElec   .          Harm     .    (no cloak)
rCorr   .          Rampage  .    s - +0 pair of gloves
Will    .....                    (no boots)
Stlth   +                        (no amulet)
HPRegen 0.27/turn                (no ring)
MPRegen 0.11/turn                (no ring)

@: very slightly contaminated
A: claws 1, talons 1, deformed body, shaggy fur 1, inability to read after
injury 1
a: no special abilities


You were in a sewer.
You visited 1 branch of the dungeon, and saw 3 of its levels.
You also visited: Sewer.

You collected 93 gold pieces.

Inventory:

Hand Weapons
 a - a +1 sling (weapon)
Armour
 n - a +0 leather armour (worn)
 r - a +2 helmet (worn)
 s - a +0 pair of gloves (worn)
Jewellery
 m - a ring of fire
Scrolls
 b - 2 scrolls of poison
 f - a scroll of enchant weapon
 g - 2 scrolls of fog {unknown}
 h - a scroll of acquirement {unknown}
 j - a scroll of amnesia {unknown}
 p - 2 scrolls of enchant armour {unknown}
Potions
 c - a potion of heal wounds
 d - a potion of invisibility {unknown}
 e - a potion of cancellation
 i - a potion of berserk rage {unknown}
 k - 2 potions of brilliance
 l - a potion of flight {unknown}
 o - a potion of degeneration {unknown}


   Skills:
 - Level 1.0 Fighting
 * Level 5.1 Ranged Weapons
 - Level 2.0 Dodging
 - Level 2.0 Spellcasting
 - Level 4.0 Hexes
 - Level 2.0 Air Magic


You had 5 spell levels left.
You knew the following spells:

 Your Spells              Type           Power      Damage    Failure   Level
a - Slow                  Hex            44%        N/A       6%          1
b - Swiftness             Air            6%         N/A       41%         3

Your spell library contained the following spells:

 Spells                   Type           Power      Damage    Failure   Level
 Ensorcelled Hibernation  Hex/Ice        12%        N/A       22%         2
 Inner Flame              Hex/Fire       6%         N/A       41%         3
 Portal Projectile        Hex/Tloc       12%        N/A       41%         3
 Passwall                 Tmut/Erth      0%         N/A       45%         2
 Cause Fear               Hex            5%         N/A       54%         4
 Gell's Gravitas          Tloc           1%         N/A       69%         3
 Hailstorm                Conj/Ice       1%         3d3       69%         3
 Teleport Other           Tloc           1%         N/A       69%         3
 Ice Form                 Ice/Tmut       1%         N/A       97%         4
 Dispersal                Tloc           0%         N/A       100%        6
 Simulacrum               Ice/Necr       0%         N/A       100%        6


Dungeon Overview and Level Annotations

Branches:
Dungeon (3/15)              Sewer (1/1)

Altars:


Innate Abilities, Weirdness & Mutations

You have sharp fingernails.
You have sharp toenails.
Armour fits poorly on your strangely shaped body.
You are covered in fur. (AC +1)
You occasionally lose the ability to read scrolls when taking damage.


Message History

Your Hexes skill increases to level 4!
Your Air Magic skill increases to level 2!
You need to enable at least one skill for training.
There's a creature in the doorway!
You are too injured to fight recklessly!
You are too injured to fight recklessly!
You are too injured to fight recklessly!
Aiming: Slow (safe; 6% risk of failure)
Press: ? - help, Q - select action, (/) - cycle Shift-Dir - straight line, f - kobold
Aim: a kobold, wielding a +0 dagger (chance to affect: 62%)
You miscast Slow.
You are very lightly contaminated with residual magic.
Nothing appears to happen.
The kobold splashes around in the water.
The kobold hits you with a +0 whip.
* * * LOW HITPOINT WARNING * * *
Unknown command.
Aiming: Slow (safe; 6% risk of failure)
Press: ? - help, Q - select action, (/) - cycle Shift-Dir - straight line, f/p - kobold
Aim: a kobold, wielding a +0 dagger (chance to affect: 62%)
The kobold resists with significant effort.
The kobold splashes around in the water.
The kobold hits you with a +0 whip.
* * * LOW HITPOINT WARNING * * *
Unknown command.
Aiming: Slow (safe; 6% risk of failure)
Press: ? - help, Q - select action, (/) - cycle Shift-Dir - straight line, f/p - kobold
Aim: a kobold, wielding a +0 dagger (chance to affect: 62%)
Okay, then.
Casting: Slow (safe; 6% risk of failure)
Confirm with . or Enter, or press ? or * to list all spells.
You don't know that spell.
Casting: Slow (safe; 6% risk of failure)
Confirm with . or Enter, or press ? or * to list all spells.
The spell is quite dangerous to miscast (41% risk of failure)!
Continue anyway?
You miscast Swiftness.
Nothing appears to happen.
The kobold hits you with a +0 dagger.
* * * LOW HITPOINT WARNING * * *
The kobold hits you with a +0 whip.
You die...

### ###
#!.#.! .....
≈≈ ##...##
≈≈≈ .....
≈≈≈≈ ...
≈≈≈≈###)##
≈≈≈≈≈~~.K##
≈≈≈≈≈~~K@.#
≈≈≈≈≈~~...#
≈≈≈≈≈~....##
≈≈≈≈≈≈.....#
≈≈≈≈~~..†..#
≈≈≈≈≈.~....#
~≈≈≈≈~....##
~≈≈≈~.....#
≈≈≈≈~~..†##


You could see 2 kobolds.

Vanquished Creatures
  2 kobold brigands (Sewer)
  Robin (D:2)
  3 river rats (Sewer)
  4 adders
  A worm (D:2)
  2 orcs (D:2)
  5 bats
  5 endoplasms
  2 giant cockroaches
  11 goblins
  7 hobgoblins
  3 quokkas
  8 ball pythons
  2 frilled lizards (D:1)
  8 kobolds
  12 rats
76 creatures vanquished.

Notes
Turn   | Place    | Note
-------+----------+-------------------------------------------
     0 | D:1      | Laraso the Human Hexslinger began the quest for the Orb.
     0 | D:1      | Reached XP level 1. HP: 15/15 MP: 2/2
   210 | D:1      | Reached XP level 2. HP: 18/21 MP: 1/3
   309 | D:1      | Reached skill level 3 in Ranged Weapons
   460 | D:1      | Reached XP level 3. HP: 26/26 MP: 4/4
   982 | D:2      | Reached skill level 4 in Ranged Weapons
   982 | D:2      | Reached XP level 4. HP: 32/32 MP: 3/5
  1439 | D:2      | Noticed Robin
  1506 | D:1      | Learned a level 3 spell: Swiftness
  2061 | D:2      | Killed Robin
  2142 | D:2      | Reached XP level 5. HP: 37/37 MP: 6/6
  2243 | D:3      | Found a glowing drain.
  2263 | Sewer    | Entered a sewer
  2318 | Sewer    | Reached skill level 5 in Ranged Weapons
  2407 | Sewer    | Noticed a kobold brigand
  2432 | Sewer    | Gained mutation: You have an increased reservoir of magic.
                  | (+10% MP) [potion of mutation]
  2432 | Sewer    | Gained mutation: You are partially covered in iridescent
                  | scales. (AC +2) [potion of mutation]
  2432 | Sewer    | Gained mutation: You have a pair of small antennae on your
                  | head. [potion of mutation]
  2438 | Sewer    | Killed a kobold brigand
  2439 | Sewer    | Reached skill level 1 in Air Magic
  2439 | Sewer    | Reached XP level 6. HP: 42/43 MP: 2/9
  2460 | Sewer    | Lost mutation: You have a pair of small antennae on your
                  | head. [potion of mutation]
  2460 | Sewer    | Lost mutation: You are partially covered in iridescent
                  | scales. (AC +2) [potion of mutation]
  2460 | Sewer    | Gained mutation: Armour fits poorly on your strangely
                  | shaped body. [potion of mutation]
  2460 | Sewer    | Gained mutation: You have a somewhat thin skeletal
                  | structure. (Dex +2, Stealth+) [potion of mutation]
  2515 | Sewer    | Lost mutation: You have an increased reservoir of magic.
                  | (+10% MP) [potion of mutation]
  2515 | Sewer    | Lost mutation: You have a somewhat thin skeletal structure.
                  | (Dex +2, Stealth+) [potion of mutation]
  2515 | Sewer    | Gained mutation: You have sharp toenails. [potion of
                  | mutation]
  2515 | Sewer    | Gained mutation: You occasionally lose the ability to read
                  | scrolls when taking damage. [potion of mutation]
  2515 | Sewer    | Gained mutation: You are covered in fur. (AC +1) [potion of
                  | mutation]
  2515 | Sewer    | Gained mutation: You have sharp fingernails. [potion of
                  | mutation]
  2876 | Sewer    | HP: 2/43 [kobold/+0 dagger (1)]
  2876 | Sewer    | Slain by a kobold

Illustrated notes

Levels and vault maps discovered:
D:1:      denvon_arrival_planthouse, layout_loops_cross, minmay_close_crescents
D:2:      layout_basic, serial_glass, glass_columns_c, glass_columns_c,
          supply_closet_lemuel, minmay_split_cup_small, uniq_robin
D:3:      layout_rooms, cheibrodos_sewer_entry_drain
Sewer:    sewer_minmay_treatment

Skill      XL: |  1  2  3  4  5  6 |
---------------+-------------------+-----
Ranged Weapons | 3 4 5 |  5.1
Air Magic      | 1 2 |  2.0
Spellcasting   | 2 |  2.0
Hexes          | 4 |  4.0
Fighting       | |  1.0
Dodging        | |  2.0

Action                     |  1- 3 |  4- 6 || total
---------------------------+-------+-------++-------
   Fire: Sling             |    79 |   215 ||   294
   Cast: Slow              |    12 |    40 ||    52
    Use: Scroll            |     2 |       ||     2
         Potion            |       |     5 ||     5
 Armour: Robe              |     4 |       ||     4
         Leather armour    |       |    71 ||    71
  Dodge: Dodged            |    33 |   141 ||   174

Table legend: (Time is in decaauts)
 A = Elapsed time spent in this place.
 B = Non-inter-level travel time spent in this place.
 C = Inter-level travel time spent in this place.
 D = Time resting spent in this place.
 E = Time spent auto-exploring this place.
 F = Levels seen in this place.
 G = Mean time per level.
                   A        B        C        D        E       F      G
               +--------+--------+--------+--------+--------+-----+--------+
         Total |   2942 |   2825 |    117 |    519 |   1643 |   4 |  735.5 |
       Dungeon |   2310 |   2193 |    117 |    184 |   1561 |   3 |  770.0 |
         Sewer |    632 |    632 |      0 |    335 |     82 |   1 |  632.0 |
               +--------+--------+--------+--------+--------+-----+--------+

Top non-repeatable levels by time:
     D:2: 1408 daAuts
     D:1: 811 daAuts
   Sewer: 632 daAuts
     D:3: 90 daAuts
